| TOP OF THE 1ST |
|
Denver Bears batting - Pitching for Evansville Triplets : RHP Bill Gullickson
|
|
Pitching: RHP Bill Gullickson
|
|
|
Batting: LHB Dallas Williams
|
0-0: Ball 1-0: Ball 2-0: Ball 3-0: Base on Balls
|
|
Batting: RHB Adolfo Feliz
|
0-0: Ball 1-0: Fly out, F3 (Popup, 3S, EV 73.1 MPH)
|
|
Batting: RHB George A Bell
|
0-0: Called Strike Dallas Williams steals 2nd base 0-1: Ball 1-1: Foul Ball, location: 2F 1-2: SINGLE (Groundball, 56D, EV 104.4 MPH) Dallas Williams to third Runner from 3rd tries for Home, SAFE, throw by LF to home
|
|
Batting: LHB Terry Francona
|
0-0: Called Strike 0-1: Called Strike George A Bell steals 2nd base 0-2: Foul Ball, location: 2F 0-2: Fly out, F7 (Line Drive, 7, EV 91.9 MPH)
|
|
Batting: LHB Tom Beyers
|
0-0: Foul Ball, location: 2F 0-1: Ball 1-1: Ball 2-1: SINGLE (Groundball, 6MD, EV 105.6 MPH) George A Bell to third Runner from 3rd tries for Home, SAFE, throw by CF to home
|
|
Batting: LHB Larry Donofrio
|
0-0: Called Strike 0-1: Ball 1-1: Swinging Strike 1-2: Ball 2-2: 2-RUN HOME RUN (Flyball, 9D, EV 95.6 MPH), Distance : 372 ft
|
|
Batting: RHB Raymond Borucki
|
0-0: Swinging Strike 0-1: Foul Ball, location: 2F 0-2: Ball 1-2: Ground out 5-3 (Groundball, 5, EV 90.0 MPH)
|
| Top of the 1st over - 4 runs, 3 hits, 0 errors, 0 left on base; Denver 4 - Evansville 0 |
| BOTTOM OF THE 1ST |
|
Evansville Triplets batting - Pitching for Denver Bears : RHP Alex Vasquez
|
|
Pitching: RHP Alex Vasquez
|
|
|
Batting: LHB Greg Gross
|
0-0: Ball 1-0: Ball 2-0: Called Strike 2-1: DOUBLE (Flyball, 78D, EV 103.1 MPH)
|
|
Batting: RHB Cory Mihalic
|
0-0: Called Strike 0-1: Called Strike 0-2: Ball 1-2: Fly out, F7 (Flyball, 7LS, EV 86.3 MPH)
|
|
Batting: RHB Richard Bass
|
0-0: Ball 1-0: Called Strike 1-1: Called Strike 1-2: Strikes out swinging
|
|
Batting: RHB Ron Kittle
|
0-0: Ball 1-0: Called Strike 1-1: SINGLE (Groundball, 34D, EV 108.8 MPH) Greg Gross to third Runner from 3rd tries for Home, SAFE, throw by RF to home
|
|
Batting: SHB Mickey Tettleton
|
0-0: Ball 1-0: Foul Ball, location: 2F 1-1: SINGLE (Groundball, 34D, EV 102.5 MPH) Ron Kittle to second Runner from 2nd tries for 3rd, SAFE, no throw by RF
|
|
Batting: RHB Mike Allen
|
0-0: Called Strike 0-1: Ball 1-1: Ball 2-1: Swinging Strike 2-2: Foul Ball, location: 2F 2-2: Fly out, F5 (Flyball, 5D, EV 88.1 MPH)
|
| Bottom of the 1st over - 1 run, 3 hits, 0 errors, 2 left on base; Denver 4 - Evansville 1 |
| TOP OF THE 2ND |
|
Denver Bears batting - Pitching for Evansville Triplets : RHP Bill Gullickson
|
|
Batting: RHB Gomez Barahona
|
0-0: Called Strike 0-1: Ground out U3 (Groundball, 3S, EV 88.8 MPH)
|
|
Batting: RHB Glenn Hoffman
|
0-0: Ball 1-0: Swinging Strike 1-1: Ball 2-1: Reached on error, E5 (Groundball, 5S, EV 88.8 MPH)
|
|
Batting: LHB Dallas Williams
|
0-0: Called Strike Glenn Hoffman is caught stealing 2nd base 2-6 0-1: Foul Ball, location: 2F 0-2: Ball 1-2: Foul Ball, location: 2F 1-2: Strikes out looking
|
| Top of the 2nd over - 0 runs, 0 hits, 1 error, 0 left on base; Denver 4 - Evansville 1 |
| BOTTOM OF THE 2ND |
|
Evansville Triplets batting - Pitching for Denver Bears : RHP Alex Vasquez
|
|
Batting: LHB Luis Alfaro
|
0-0: Called Strike 0-1: Swinging Strike 0-2: Ball 1-2: DOUBLE (Line Drive, 9LS, EV 96.9 MPH)
|
|
Batting: RHB Jaden Smith
|
0-0: Called Strike 0-1: DOUBLE (Line Drive, 9LM, EV 108.1 MPH) Luis Alfaro scores
|
|
Batting: RHB Ed Jurak
|
0-0: Called Strike 0-1: Swinging Strike 0-2: Strikes out swinging
|
|
Batting: LHB Greg Gross
|
0-0: Ball 1-0: Ball 2-0: Foul Ball, location: 2F 2-1: Ball 3-1: Ground out 1-3 (Groundball, 13S, EV 75.0 MPH) Jaden Smith to third
|
|
Batting: RHB Cory Mihalic
|
0-0: Ball 1-0: Ball 2-0: Foul Ball, location: 2F 2-1: Foul Ball, location: 2F 2-2: Foul Ball, location: 2F 2-2: Ball 3-2: Ground out 5-3 (Groundball, 25, EV 82.5 MPH)
|
| Bottom of the 2nd over - 1 run, 2 hits, 0 errors, 1 left on base; Denver 4 - Evansville 2 |
| TOP OF THE 3RD |
|
Denver Bears batting - Pitching for Evansville Triplets : RHP Bill Gullickson
|
|
Batting: RHB Adolfo Feliz
|
0-0: Ball 1-0: Ball 2-0: Called Strike 2-1: Foul Ball, location: 2F 2-2: SINGLE (Line Drive, 7S, EV 96.3 MPH)
|
|
Batting: RHB George A Bell
|
0-0: Called Strike 0-1: Ball 1-1: Fly out, F9 (Flyball, 9S, EV 93.1 MPH)
|
|
Batting: LHB Terry Francona
|
0-0: Ball Adolfo Feliz is caught stealing 2nd base 2-6 1-0: Called Strike 1-1: Ball 2-1: Called Strike 2-2: Ground out 4-3 (Groundball, 34D, EV 105.0 MPH)
|
| Top of the 3rd over - 0 runs, 1 hit, 0 errors, 0 left on base; Denver 4 - Evansville 2 |
| BOTTOM OF THE 3RD |
|
Evansville Triplets batting - Pitching for Denver Bears : RHP Alex Vasquez
|
|
Batting: RHB Richard Bass
|
0-0: Called Strike 0-1: Ground out 2-3 (Groundball, 2L, EV 73.1 MPH)
|
|
Batting: RHB Ron Kittle
|
0-0: Ball 1-0: Called Strike 1-1: Fly out, F9 (Flyball, 9LM, EV 106.3 MPH)
|
|
Batting: SHB Mickey Tettleton
|
0-0: Called Strike 0-1: Foul Ball, location: 2F 0-2: Strikes out swinging
|
| Bottom of the 3rd over - 0 runs, 0 hits, 0 errors, 0 left on base; Denver 4 - Evansville 2 |
| TOP OF THE 4TH |
|
Denver Bears batting - Pitching for Evansville Triplets : RHP Bill Gullickson
|
|
Batting: LHB Tom Beyers
|
0-0: Foul Ball, location: 2F 0-1: Ball 1-1: Swinging Strike 1-2: Foul Ball, location: 2F 1-2: Fly out, F7 (Flyball, 7LM, EV 85.6 MPH)
|
|
Batting: LHB Larry Donofrio
|
0-0: Ball 1-0: Foul Ball, location: 2F 1-1: Foul Ball, location: 2F 1-2: Foul Ball, location: 2F 1-2: Ball 2-2: Strikes out looking
|
|
Batting: RHB Raymond Borucki
|
0-0: Foul Ball, location: 2F 0-1: Ball 1-1: Ball 2-1: Ball 3-1: SINGLE (Groundball, 34D, EV 99.4 MPH)
|
|
Batting: RHB Gomez Barahona
|
0-0: Ball 1-0: 2-RUN HOME RUN (Flyball, 7LD, EV 90.0 MPH), Distance : 339 ft
|
|
Pitching: RHP Victor Bernal
|
|
|
Batting: RHB Glenn Hoffman
|
0-0: Ball 1-0: Fly out, F9 (Line Drive, 9, EV 106.3 MPH)
|
| Top of the 4th over - 2 runs, 2 hits, 0 errors, 0 left on base; Denver 6 - Evansville 2 |
| BOTTOM OF THE 4TH |
|
Evansville Triplets batting - Pitching for Denver Bears : RHP Alex Vasquez
|
|
Batting: RHB Mike Allen
|
0-0: Ground out U3 (Groundball, 3L, EV 110.0 MPH)
|
|
Batting: LHB Luis Alfaro
|
0-0: Ball 1-0: Ball 2-0: Foul Ball, location: 2F 2-1: SINGLE (Groundball, 4D, EV 95.6 MPH)
|
|
Batting: RHB Jaden Smith
|
0-0: Ball 1-0: SINGLE (Line Drive, 4MD, EV 96.9 MPH) Luis Alfaro to second
|
|
Batting: RHB Ed Jurak
|
0-0: Called Strike 0-1: Ball 1-1: Swinging Strike 1-2: Ball 2-2: SINGLE (Line Drive, 8LS, EV 107.5 MPH) Luis Alfaro to third Jaden Smith to second
|
|
Batting: LHB Greg Gross
|
0-0: Fly out, F7 (Flyball, 78D, EV 86.3 MPH) Runner from 3rd tags up, SCORES, throw by LF Jaden Smith to third
|
|
Batting: RHB Cory Mihalic
|
0-0: Ball 1-0: Ball 2-0: Ball 3-0: Called Strike 3-1: Ground out 5-3 (Groundball, 56S, EV 65.0 MPH)
|
| Bottom of the 4th over - 1 run, 3 hits, 0 errors, 2 left on base; Denver 6 - Evansville 3 |
| TOP OF THE 5TH |
|
Denver Bears batting - Pitching for Evansville Triplets : RHP Victor Bernal
|
|
Batting: LHB Dallas Williams
|
0-0: Ball 1-0: Ball 2-0: Foul Ball, location: 2F 2-1: Ball 3-1: Swinging Strike 3-2: TRIPLE (Line Drive, 78XD, EV 107.5 MPH)
|
|
Batting: RHB Adolfo Feliz
|
0-0: Swinging Strike 0-1: Called Strike 0-2: Strikes out swinging
|
|
Batting: RHB George A Bell
|
0-0: Ball 1-0: Ground out 6-3 (Groundball, P, EV 80.6 MPH)
|
|
Batting: LHB Terry Francona
|
0-0: Called Strike 0-1: Called Strike 0-2: Foul Ball, location: 2F 0-2: Ball 1-2: Ball 2-2: Ball 3-2: Base on Balls
|
|
Batting: LHB Tom Beyers
|
0-0: Ball 1-0: Ball Wild Pitch! Dallas Williams scores Terry Francona to second 2-0: Ball 3-0: Base on Balls
|
|
Batting: LHB Larry Donofrio
|
0-0: Ball 1-0: Ball 2-0: Ground out 4-3 (Groundball, 4, EV 88.8 MPH)
|
| Top of the 5th over - 1 run, 1 hit, 0 errors, 2 left on base; Denver 7 - Evansville 3 |
| BOTTOM OF THE 5TH |
|
Evansville Triplets batting - Pitching for Denver Bears : RHP Alex Vasquez
|
|
Batting: RHB Richard Bass
|
0-0: Called Strike 0-1: Swinging Strike 0-2: Fly out, F8 (Line Drive, 8LM, EV 108.1 MPH)
|
|
Batting: RHB Ron Kittle
|
0-0: Swinging Strike 0-1: Ball 1-1: Foul Ball, location: 2F 1-2: Strikes out swinging
|
|
Batting: SHB Mickey Tettleton
|
0-0: Ball 1-0: Called Strike 1-1: Ball 2-1: Ball 3-1: Base on Balls
|
|
Batting: RHB Mike Allen
|
0-0: Ball 1-0: Fielders Choice at 2nd, 6-4 (Groundball, 6, EV 87.5 MPH)
|
| Bottom of the 5th over - 0 runs, 0 hits, 0 errors, 1 left on base; Denver 7 - Evansville 3 |
| TOP OF THE 6TH |
|
Denver Bears batting - Pitching for Evansville Triplets : RHP Victor Bernal
|
|
Batting: RHB Raymond Borucki
|
0-0: Ball 1-0: Foul Ball, location: 2F 1-1: Fly out, F8 (Flyball, 78D, EV 104.4 MPH)
|
|
Batting: RHB Gomez Barahona
|
0-0: Ball 1-0: Ground out 4-3 (Groundball, 4M, EV 81.9 MPH)
|
|
Batting: RHB Glenn Hoffman
|
0-0: Ball 1-0: Ball 2-0: SINGLE (Groundball, 4MD, EV 103.1 MPH)
|
|
Batting: LHB Dallas Williams
|
0-0: Ball 1-0: Fly out, F9 (Line Drive, 9, EV 107.5 MPH)
|
| Top of the 6th over - 0 runs, 1 hit, 0 errors, 1 left on base; Denver 7 - Evansville 3 |
| BOTTOM OF THE 6TH |
|
Evansville Triplets batting - Pitching for Denver Bears : RHP Alex Vasquez
|
|
Batting: LHB Luis Alfaro
|
0-0: Called Strike 0-1: Ball 1-1: Ball 2-1: Ball 3-1: Base on Balls
|
|
Batting: RHB Jaden Smith
|
0-0: Swinging Strike 0-1: Called Strike 0-2: Ball 1-2: Ball 2-2: Ball 3-2: Strikes out swinging Luis Alfaro steals 2nd base Batter strikes out.
|
|
Batting: RHB Ed Jurak
|
0-0: Foul Ball, location: 2F 0-1: SINGLE (Line Drive, 78M, EV 92.5 MPH) Luis Alfaro to third Runner from 3rd tries for Home, SAFE, throw by LF to home Ed Jurak to second
|
|
Batting: LHB Greg Gross
|
0-0: Called Strike 0-1: Swinging Strike 0-2: Ball 1-2: Ground out U3 (Groundball, 3L, EV 91.9 MPH) Ed Jurak to third
|
|
Batting: RHB Cory Mihalic
|
0-0: Ball 1-0: Ball 2-0: Called Strike 2-1: Ball 3-1: Base on Balls
|
|
Batting: RHB Richard Bass
|
0-0: Called Strike 0-1: Ball 1-1: Ball 2-1: Called Strike 2-2: Ball 3-2: Base on Balls Cory Mihalic to second
|
|
Batting: RHB Ron Kittle
|
0-0: Ball 1-0: Ball 2-0: Called Strike 2-1: Foul Ball, location: 2F 2-2: Foul Ball, location: 2F 2-2: Fielders Choice at 2nd, U6 (Groundball, 6M, EV 78.1 MPH)
|
| Bottom of the 6th over - 1 run, 1 hit, 0 errors, 3 left on base; Denver 7 - Evansville 4 |
| TOP OF THE 7TH |
|
Denver Bears batting - Pitching for Evansville Triplets : RHP Victor Bernal
|
|
Batting: RHB Adolfo Feliz
|
0-0: Ground out 6-3 (Groundball, 6, EV 83.1 MPH)
|
|
Batting: RHB George A Bell
|
0-0: Ball 1-0: Ball 2-0: Ground out 5-3 (Groundball, 56S, EV 90.0 MPH)
|
|
Batting: LHB Terry Francona
|
0-0: Called Strike 0-1: Ground out 4-3 (Groundball, 4M, EV 90.0 MPH)
|
| Top of the 7th over - 0 runs, 0 hits, 0 errors, 0 left on base; Denver 7 - Evansville 4 |
| BOTTOM OF THE 7TH |
|
Evansville Triplets batting - Pitching for Denver Bears : RHP Alex Vasquez
|
|
Batting: SHB Mickey Tettleton
|
0-0: Foul Ball, location: 2F 0-1: Foul Ball, location: 2F 0-2: Ball 1-2: Foul Ball, location: 2F 1-2: Fly out, F8 (Flyball, 8LD, EV 90.0 MPH)
|
|
Batting: RHB Mike Allen
|
0-0: Called Strike 0-1: Fly out, F8 (Flyball, 8LM, EV 91.3 MPH)
|
|
Batting: LHB Luis Alfaro
|
0-0: Ball 1-0: Ball 2-0: Foul Ball, location: 2F 2-1: Ball 3-1: SINGLE (Line Drive, 8LS, EV 93.8 MPH)
|
|
Batting: RHB Jaden Smith
|
0-0: Ball 1-0: Called Strike 1-1: Fly out, F8 (Line Drive, 8RD, EV 83.8 MPH)
|
| Bottom of the 7th over - 0 runs, 1 hit, 0 errors, 1 left on base; Denver 7 - Evansville 4 |
| TOP OF THE 8TH |
|
Denver Bears batting - Pitching for Evansville Triplets : RHP Victor Bernal
|
|
Batting: LHB Tom Beyers
|
0-0: Ball 1-0: Ball 2-0: Reached on error, E5 (Groundball, 56, EV 86.9 MPH)
|
|
Pitching: LHP Paul Mirabella
|
|
|
Batting: LHB Larry Donofrio
|
0-0: Ball 1-0: Ground out 4-3 (Groundball, 34D, EV 98.8 MPH) Tom Beyers to second
|
|
Batting: RHB Raymond Borucki
|
0-0: Called Strike 0-1: Ground out 5-3 (Groundball, 56, EV 86.9 MPH)
|
|
Batting: RHB Gomez Barahona
|
0-0: Called Strike 0-1: Foul Ball, location: 2F 0-2: Ball 1-2: SINGLE (Line Drive, 8RS, EV 102.5 MPH) Tom Beyers to third Runner from 3rd tries for Home, SAFE, throw by CF to home
|
|
Batting: RHB Glenn Hoffman
|
0-0: Called Strike 0-1: Called Strike 0-2: Strikes out swinging
|
| Top of the 8th over - 1 run, 1 hit, 1 error, 1 left on base; Denver 8 - Evansville 4 |
| BOTTOM OF THE 8TH |
|
Evansville Triplets batting - Pitching for Denver Bears : RHP Alex Vasquez
|
|
Pitching: LHP Jesse Orosco
|
|
|
Batting: RHB Ed Jurak
|
0-0: Called Strike 0-1: Ground out 5-3 (Groundball, 15, EV 88.8 MPH)
|
|
Batting: LHB Greg Gross
|
0-0: Foul Ball, location: 2F 0-1: Swinging Strike 0-2: Ground out 5-3 (Groundball, 5, EV 104.4 MPH)
|
|
Batting: RHB Cory Mihalic
|
0-0: Swinging Strike 0-1: Ball 1-1: Ground out U3 (Groundball, 3, EV 93.1 MPH)
|
| Bottom of the 8th over - 0 runs, 0 hits, 0 errors, 0 left on base; Denver 8 - Evansville 4 |
| TOP OF THE 9TH |
|
Denver Bears batting - Pitching for Evansville Triplets : LHP Paul Mirabella
|
|
Batting: LHB Dallas Williams
|
0-0: Ball 1-0: Foul Ball, location: 2F 1-1: Ball 2-1: SINGLE (Line Drive, 89M, EV 94.4 MPH)
|
|
Batting: RHB Adolfo Feliz
|
0-0: 2-RUN HOME RUN (Flyball, 7LD, EV 103.8 MPH), Distance : 350 ft
|
|
Batting: RHB George A Bell
|
0-0: Ball 1-0: Ground out 6-3 (Groundball, 6, EV 103.1 MPH)
|
|
Batting: LHB Terry Francona
|
0-0: Ball 1-0: Ball 2-0: Foul Ball, location: 2F 2-1: Swinging Strike 2-2: Strikes out swinging
|
|
Batting: LHB Tom Beyers
|
0-0: Called Strike 0-1: Ground out U3 (Groundball, 3S, EV 68.8 MPH)
|
| Top of the 9th over - 2 runs, 2 hits, 0 errors, 0 left on base; Denver 10 - Evansville 4 |
| BOTTOM OF THE 9TH |
|
Evansville Triplets batting - Pitching for Denver Bears : LHP Jesse Orosco
|
|
Batting: RHB Richard Bass
|
0-0: Called Strike 0-1: Foul Ball, location: 2F 0-2: Foul Ball, location: 2F 0-2: Foul Ball, location: 2F 0-2: Ball 1-2: Foul Ball, location: 2F 1-2: Ball 2-2: Fly out, F7 (Flyball, 7, EV 95.6 MPH)
|
|
Batting: RHB Ron Kittle
|
0-0: Ball 1-0: Ground out 5-3 (Groundball, 56, EV 90.0 MPH)
|
|
Batting: SHB Mickey Tettleton
|
0-0: Called Strike 0-1: Ball 1-1: Fly out, F7 (Flyball, 7, EV 80.0 MPH)
|
| Bottom of the 9th over - 0 runs, 0 hits, 0 errors, 0 left on base; Denver 10 - Evansville 4 |
|